 Dungeon Crawl Stone Soup version 0.17-a0-1522-g6c5b4ba (webtiles) character file.

176 Jb9000 the Skirmisher (level 5, -6/33 HPs)
             Began as a Gargoyle Fighter on July 14, 2015.
             Killed from afar by an orc wizard (10 damage)
             ... with a puff of flame
             ... on level 4 of the Dungeon.
             The game lasted 00:14:38 (2542 turns).

Jb9000 the Skirmisher (Gargoyle Fighter)            Turns: 2542, Time: 00:14:38

Health: -6/33      AC: 17    Str: 27    XL:     5   Next: 56%
Magic:  6/6        EV:  8    Int:  8    God:
Gold:   189        SH: 10    Dex: 10    Spells: 0 memorised, 6 levels left

rFire  . . .     SeeInvis .     g - +1 falchion (protect)
rCold  . . .     Clarity  .     b - +0 scale mail
rNeg   + . .     SustAt   .     c - +0 shield
rPois  ∞         Gourm    .     j - +2 helmet
rElec  +         Spirit   .     (no cloak)
rCorr  .         Warding  .     p - +0 pair of gloves
rMut   .         Stasis   .     (no boots)
MR     .....                    (no amulet)
Stlth  ..........               (no ring)
                                (no ring)

@: mighty, not resistant to hostile enchantments, extremely unstealthy
A: blurry vision 1, deformed body, negative energy resistance 1, electricity
resistance, strong 1, unbreathing, petrification resistance, rot immunity, AC +4
a: no special abilities


You were on level 4 of the Dungeon.
You were not hungry.

You visited 1 branch of the dungeon, and saw 4 of its levels.

You collected 189 gold pieces.

Inventory:

Hand weapons
 a - a +0 war axe
 g - a +1 falchion of protection (weapon)
 k - a +0 spear of piercing
Missiles
 i - 42 poisoned needles
 w - 45 arrows
Armour
 b - a +0 scale mail (worn)
 c - a +0 shield (worn)
 j - a +2 helmet (worn)
 p - a +0 pair of gloves (worn)
Magical devices
 f - a wand of magic darts (5)
 s - a wand of random effects (40)
Scrolls
 h - 5 scrolls of remove curse
 n - a scroll of immolation {unknown}
 o - 3 scrolls of identify
 q - a scroll of fog {unknown}
Potions
 d - a potion of might
Comestibles
 e - 3 bread rations
 l - 10 chunks of flesh
 t - a meat ration


   Skills:
 + Level 3.8 Fighting
 * Level 1.0 Long Blades
 - Level 2.0(2.1) Axes
 - Level 1.0(1.6) Polearms
 + Level 3.8 Armour
 + Level 1.4 Dodging
 * Level 2.3 Stealth
 + Level 3.6 Shields
 + Level 1.1 Spellcasting
 + Level 0.3 Evocations


You had 6 spell levels left.
You didn't know any spells.

Dungeon Overview and Level Annotations

Branches:
Dungeon (4/15)
 Temple: D:4-7

Altars:
Xom


Innate Abilities, Weirdness & Mutations

You are resistant to torment.
Your stone body is resilient (AC +4).
You are immune to poison.
You resist negative energy.
You are resistant to electric shocks.
You can survive without breathing.
You are immune to petrification.
You are immune to rotting.
Scrolls take you a little longer to read.
Armour fits poorly on your strangely shaped body.
Your muscles are strong. (Str +2)


Message History

The orc hits you but does no damage.
You hit something but do no damage.
You hear some strange, mumbled words.
A puff of flame appears from out of thin air!
The puff of flame hits you!
* * * LOW HITPOINT WARNING * * *
The orc hits you with a flail.
* * * LOW HITPOINT WARNING * * *
The orc closely misses you. Something hits you but does no damage.
You block the orc's attack.
You miss something. The orc hits you with a flail.
* * * LOW HITPOINT WARNING * * *
Something hits you but does no damage. You block the orc's attack.
You block the orc's attack.
Drink which item? (? for menu, Esc to quit)
You feel very mighty all of a sudden.
You hear some strange, mumbled words.
A puff of flame appears from out of thin air!
The puff of flame hits you!
You die...

# #. ###.#
#...o##########
#.#.#@.........
#...o{o..#####
......#.##.##.#
.###..#.#.....#
... #.#####.#
.### #.#<..#.#
. #. #.#...#.#
#.# #.#...#.#
.. #...#.###


You could see 3 orcs.

Vanquished Creatures
  A scorpion (D:3)
  Robin (D:2)
  An adder (D:2)
  An ooze (D:1)
  2 worms (D:2)
  2 giant geckos
  5 orcs
  10 bats
  5 giant cockroaches
  11 hobgoblins
  9 jackals
  5 giant newts
  15 goblins
  7 kobolds
  9 rats
84 creatures vanquished.

Notes
Turn   | Place    | Note
--------------------------------------------------------------
     0 | D:1      | Jb9000 the Gargoyle Fighter began the quest for the Orb.
     0 | D:1      | Reached XP level 1. HP: 14/14 MP: 1/1
    36 | D:1      | Reached XP level 2. HP: 9/19 MP: 2/2
   270 | D:1      | Reached skill level 1 in Stealth
   439 | D:1      | Reached XP level 3. HP: 23/23 MP: 3/3
  1066 | D:2      | Found a shimmering altar of Xom.
  1404 | D:2      | Reached skill level 1 in Dodging
  1404 | D:2      | Reached XP level 4. HP: 24/28 MP: 5/5
  1589 | D:2      | Noticed Robin
  1602 | D:2      | Reached skill level 1 in Spellcasting
  1652 | D:2      | Killed Robin
  1652 | D:2      | Reached skill level 1 in Polearms
  2062 | D:3      | Gained mutation: Scrolls take you a little longer to read. [potion of mutation]
  2062 | D:3      | Gained mutation: Armour fits poorly on your strangely shaped body. [potion of mutation]
  2062 | D:3      | Gained mutation: Your muscles are strong. (Str +2) [potion of mutation]
  2074 | D:3      | Reached skill level 1 in Long Blades
  2074 | D:3      | Reached XP level 5. HP: 31/33 MP: 6/6
  2542 | D:4      | Killed from afar by an orc wizard

Vault maps used:
D:1:      minmay_arrival_solitary_statue, serial_co_window_serial,
          co_window_paths_b, co_window_cross_1, co_window_corner_a,
          co_window_corner_a, co_window_corner_a, co_window_paths_c,
          co_window_2corner, co_window_corner_ca, co_window_cross_2,
          co_window_2corner, co_window_of_opportunity_c, co_window_2corner
D:2:      xom_butterflies, first_bread, minmay_ruptured, uniq_robin
D:3:      hangedman_decor_peaks_small
D:4:      minmay_misc_feat_hallway

Action                   |  1- 3 |  4- 6 || total
-------------------------+-------+-------++-------
Melee: War axe           |    11 |       ||    11
       Spear             |   138 |    85 ||   223
       Falchion          |       |   128 ||   128
  Use: Potion            |       |     6 ||     6
       Scroll            |       |     4 ||     4
  Eat: Chunk             |     2 |     1 ||     3
       Pizza             |       |     1 ||     1
       Beef jerky        |       |     1 ||     1
